 Dungeon Crawl Stone Soup version 0.31-a0-435-g2c6fae2916 (webtiles) character file.

Game seed: 5049708656672047677

52 floatRand the Trooper (level 3, -3/39 HPs)
             Began as an Ogre Cinder Acolyte on Aug 1, 2023.
             Was a High Priest of Ignis.
             Slain by a gnoll
             ... wielding a +0 flail
              (8 damage)
             ... on level 2 of the Dungeon.
             The game lasted 00:01:28 (1660 turns).

floatRand the Trooper (Ogre Cinder Acolyte)         Turns: 1660, Time: 00:01:28

Health: -3/39      AC:  3    Str: 18    XL:     3   Next: 85%
Magic:  0/4        EV:  9    Int: 17    God:    Ignis [*****.]
Gold:   106        SH:  0    Dex:  4    Spells: 2/4 levels left

rFire   + + .        a - -1 mace (flame)
rCold   . . .        (no shield)
rNeg    . . .        b - +0 robe
rPois   .            (helmet restricted)
rElec   .            (no cloak)
rCorr   .            (gloves unavailable)
SInv    .            (boots unavailable)
Will    .....        c - amulet of guardian spirit
Stlth   +            e - ring of protection from fire
HPRegen 0.26/turn    (no ring)
MPRegen 0.09/turn

%: guardian spirit
@: no status effects
A: large, unfitting armour, tough skin 1
a: Renounce Religion, Fiery Armour, Foxfire Swarm, Rising Flame


You were on level 2 of the Dungeon.
You worshipped Ignis.
Ignis was extremely pleased with you.
You visited 1 branch of the dungeon, and saw 3 of its levels.

You collected 106 gold pieces.

Inventory:

Hand Weapons
 a - a -1 mace of flaming (weapon)
Armour
 b - a +0 robe (worn)
Jewellery
 c - an amulet of guardian spirit (around neck)
 e - a ring of protection from fire (left hand)
Scrolls
 f - a scroll of torment {unknown}
 g - a scroll of noise {unknown}
 h - a scroll of fog {unknown}
Potions
 d - a potion of cancellation {unknown}


   Skills:
 - Level 4.0 Fighting
 * Level 3.8 Maces & Flails
 - Level 1.2 Spellcasting
 + Level 3.2 Fire Magic


You had 2 spell levels left.
You knew the following spells:

 Your Spells              Type           Power      Damage    Failure   Level
a - Scorch                Fire           24%        2d6       9%          2

Your spell library contained the following spells:

 Spells                   Type           Power      Damage    Failure   Level
 Magic Dart               Conj           4%         1d3       22%         1
 Call Imp                 Summ           2%         N/A       32%         2
 Mephitic Cloud           Conj/Pois/Air  1%         N/A       54%         3


Dungeon Overview and Level Annotations

Branches:
Dungeon (3/15)

Altars:


Innate Abilities, Weirdness & Mutations

You are too large for most types of armour.
You have tough skin. (AC +1)


Message History

g - Guard the area. f - Follow me.
Anything else - Cancel.
You shout for attention!
You hear a shout!
You start waiting.
A gnoll is nearby!
Flames lash the gnoll.
The gnoll is heavily wounded.
The gnoll's fire resistance burns away.
The gnoll barely misses you.
You thump the gnoll! You burn the gnoll.
You kill the gnoll!
The gnoll hits you from afar with a +0 spear.
Unknown command.
There is a stone staircase leading up here.
The gnoll hits you with a +0 flail!
The gnoll hits you from afar with a +0 spear!
There is a stone staircase leading up, spattered with blood here.
The gnoll hits you with a +0 flail. The gnoll hits you but does no damage.
You climb upwards.
There is a stone staircase leading down here.
Unknown command.
Unknown command.
You are too injured to fight recklessly!
You barely miss the gnoll. The gnoll completely misses you.
You hit the gnoll. You burn the gnoll.
The gnoll is lightly wounded.
The gnoll hits you but does no damage.
Unknown command.
You hit the gnoll but do no damage.
The gnoll is lightly wounded.
The gnoll hits you with a +0 flail.
You barely miss the gnoll.
The gnoll is lightly wounded.
The gnoll hits you with a +0 flail. The gnoll hits you with a +0 flail!
* * * LOW HITPOINT WARNING * * *
Unknown command.
You closely miss the gnoll.
The gnoll is lightly wounded.
The gnoll hits you with a +0 flail!
You die...

..............##.#.###########
.<............#..............#
..............###............#
.....###.####................#
.....###...####).............#
..####.......##..............#
..# #....##..##............##
..# #..............##.####.#
.#####..........@......#....#
......).........g.....##.####
......................##...#
.........................#.#
...........................#
....................##.#.###
........##...............#####
........##..........##.......#
........##..........########.#


You could see a gnoll.

Vanquished Creatures
  A gnoll (D:3)
  3 dart slugs
  A bat (D:1)
  2 endoplasms (D:1)
  3 giant cockroaches
  8 goblins
  4 hobgoblins
  2 kobolds (D:1)
  A quokka (D:2)
  3 ball pythons (D:1)
  2 frilled lizards
  4 rats (D:1)
34 creatures vanquished.

Notes
Turn   | Place    | Note
-------+----------+-------------------------------------------
     0 | D:1      | floatRand the Ogre Cinder Acolyte began the quest for the
                  | Orb.
     0 | D:1      | Reached XP level 1. HP: 24/24 MP: 2/2
   299 | D:1      | Reached XP level 2. HP: 29/32 MP: 1/3
   308 | D:1      | Learned a level 2 spell: Scorch
   507 | D:1      | Found a faded altar of an unknown god.
   860 | D:2      | Reached XP level 3. HP: 39/39 MP: 1/4
  1660 | D:2      | Slain by a gnoll

Illustrated notes

Levels and vault maps discovered:
D:1:      onia_arrival_handbag, layout_basic, dreamdust_ecumenical_altar_statues
D:2:      layout_basic
D:3:      layout_rooms, ebering_ghost_disaster_area

Skill      XL: |  1  2 |
---------------+-------+-----
Maces & Flails | 3 |  3.8
Fire Magic     | 3 |  3.2
Fighting       | |  4.0
Spellcasting   | |  1.2

Action                     || total
---------------------------++-------
  Melee: Mace              ||    90
   Cast: Scorch            ||     7
 Armour: Robe              ||    33
  Dodge: Dodged            ||    49

Table legend: (Time is in decaauts)
 A = Elapsed time spent in this place.
 B = Non-inter-level travel time spent in this place.
 C = Inter-level travel time spent in this place.
 D = Time resting spent in this place.
 E = Time spent auto-exploring this place.
 F = Levels seen in this place.
 G = Mean time per level.
                   A        B        C        D        E       F      G
               +--------+--------+--------+--------+--------+-----+--------+
         Total |   1680 |   1653 |     27 |      3 |   1286 |   3 |  560.0 |
       Dungeon |   1680 |   1653 |     27 |      3 |   1286 |   3 |  560.0 |
               +--------+--------+--------+--------+--------+-----+--------+

Top non-repeatable levels by time:
     D:1: 860 daAuts
     D:2: 754 daAuts
     D:3: 65 daAuts
